Map: 16-Bit LE

Players

LiquidTLO (TLO)

  • Race: Zerg Zerg
  • Spawn Location: 7:00

PiLiPiLi - Winner!

  • Race: Protoss Protoss
  • Spawn Location: 1:00

Event: WCS Austin 2018

VOD

Have the link to the VOD?

Description

Time

  • Played on: June 1, 2018, 2:21 p.m.
  • Length: 12:38

All games in this series

Show
View Real Time Build Order
Export as new Build Order

LiquidTLO Zerg 

Build Orders: Hatch First 

Get SALT Encoding   

  12  0:00  Drone  
  13  0:08  Drone  
  14  0:17  Overlord  
  14  0:36  Drone x2  
  16  0:50  Hatchery  
  16  0:52  Drone  
  16  0:56  Drone  
  17  1:00  Drone  
  18  1:06  Extractor  
  17  1:16  Spawning Pool  
  16  1:20  Drone  
  16  1:23  Drone  
  18  1:29  Drone  
  19  1:40  Drone  
  20  1:51  Drone  
  21  2:01  Overlord  
  21  2:03  Queen  
  21  2:04  Queen  
  21  2:05  Drone  
  26  2:12  Zergling x2  
  26  2:14  Drone  
  28  2:17  Metabolic Boost  
  28  2:25  Drone x2  
  30  2:38  Hatchery  
  29  2:45  Queen  
  29  2:47  Drone  
  32  2:52  Overlord  
  32  2:55  Zergling x2  
  33  3:01  Drone  
  34  3:07  Overlord  
  34  3:08  Drone x2  
  34  3:12  Drone x2  
  38  3:14  Drone  
  38  3:15  Drone  
  38  3:18  Overlord  
  40  3:26  Queen  
  42  3:27  Drone  
  42  3:33  Drone  
  44  3:35  Drone  
  44  3:39  Drone  
  46  3:41  Spore Crawler  
  46  3:42  Spore Crawler, Drone  
  46  3:45  Drone  
  46  3:46  Drone  
  46  3:47  Drone  
  49  3:48  Drone  
  49  3:51  Drone  
  49  3:52  Drone  
  49  3:55  Drone  
  52  3:59  Drone  
  52  4:00  Drone  
  52  4:01  Spore Crawler  
  53  4:06  Drone  
  53  4:07  Drone  
  53  4:09  Drone  
  56  4:13  Overlord  
  56  4:14  Drone  
  56  4:15  Overlord  
  57  4:23  Queen  
  57  4:24  Drone  
  60  4:25  Overlord  
  60  4:26  Drone  
  60  4:27  Drone  
  60  4:28  Drone  
  60  4:30  Overlord  
  63  4:33  Drone x2  
  63  4:35  Drone  
  65  4:39  Lair  
  65  4:40  Drone  
  65  4:42  Drone  
  65  4:43  Drone  
  68  4:48  Drone  
  68  4:50  Drone  
  68  4:52  Drone  
  71  4:54  Extractor  
  71  4:56  Extractor  
  71  4:57  Extractor  
  71  4:58  Extractor  
  71  4:59  Extractor  
  66  5:01  Drone  
  66  5:02  Hatchery  
  66  5:04  Drone  
  66  5:05  Zergling x2  
  66  5:06  Overlord  
  68  5:07  Drone  
  68  5:10  Drone x2  
  68  5:11  Drone x2  
  73  5:14  Pneumatized Carapace  
  73  5:15  Drone  
  73  5:16  Drone  
  73  5:17  Drone  
  73  5:19  Drone x2  
  73  5:20  Zergling x2  
  79  5:25  Zergling x4  
  79  5:30  Drone  
  79  5:34  Spore Crawler x2  
  78  5:36  Drone x5  
  78  5:39  Drone  
  78  5:40  Spire  
  83  5:44  Drone  
  83  5:46  Infestation Pit, Drone  
  83  5:47  Drone x2  
  83  5:49  Drone  
  87  5:53  Drone  
  87  5:54  Drone  
  87  5:57  Overlord, Drone  
  90  5:58  Drone x2  
  90  6:03  Spore Crawler  
  91  6:08  Overlord, Drone  
  93  6:11  Overseer  
  93  6:12  Overseer x3  
  93  6:14  Overlord, Overseer x2  
  93  6:15  Drone  
  93  6:17  Drone, Extractor  
  93  6:18  Overlord, Drone  
  95  6:19  Extractor  
  95  6:23  Infestor x2  
  98  6:29  Overlord, Drone  
  98  6:30  Drone x4  
  103  6:33  Overlord  
  103  6:50  Hatchery  
  103  6:53  Corruptor x4  
  110  6:54  Corruptor  
  110  6:56  Zerg Flyer Weapons Level 1  
  110  6:59  Corruptor  
  110  7:00  Corruptor  
  116  7:05  Overlord  
  116  7:06  Overlord  
  116  7:08  Drone  
  116  7:10  Overlord  
  116  7:12  Pathogen Glands  
  116  7:14  Drone  
  118  7:16  Evolution Chamber  
  118  7:17  Drone  
  118  7:20  Drone  
  119  7:22  Corruptor  
  119  7:23  Corruptor x2  
  119  7:27  Corruptor  
  119  7:29  Corruptor  
  129  7:33  Drone x4  
  131  7:43  Infestor  
  133  7:46  Corruptor  
  133  7:50  Zerg Missile Weapons Level 1  
  135  7:53  Hive  
  135  7:56  Spore Crawler  
  135  7:57  Spore Crawler x2  
  135  7:58  Spore Crawler x2  
  130  7:59  Spore Crawler, Corruptor  
  130  8:03  Corruptor  
  130  8:04  Queen  
  130  8:05  Corruptor  
  135  8:10  Corruptor  
  139  8:13  Corruptor  
  139  8:18  Drone x2  
  143  8:25  Corruptor  
  145  8:29  Corruptor  
  145  8:32  Corruptor  
  148  8:38  Drone  
  148  8:39  Spore Crawler x2, Spire  
  148  8:40  Spore Crawler  
  148  8:41  Spore Crawler x3  
  144  8:42  Spore Crawler  
  144  8:44  Infestor  
  144  8:46  Overlord  
  143  8:50  Overlord  
  143  8:51  Corruptor  
  145  8:58  Corruptor  
  147  9:03  Drone x2  
  149  9:10  Infestor  
  149  9:14  Corruptor x2  
  155  9:17  Zergling x2  
  155  9:18  Infestor  
  155  9:20  Spore Crawler  
  155  9:21  Spore Crawler  
  155  9:23  Greater Spire  
  156  9:25  Zergling x2  
  156  9:26  Zergling x16  
  165  9:33  Overlord x2  
  165  9:42  Hatchery  
  164  9:52  Zerg Missile Weapons Level 2  
  160  9:55  Zerg Flyer Armor Level 1  
  160  9:57  Corruptor x2  
  160  9:58  Zergling x2  
  160  9:59  Zergling x2  
  164  10:01  Infestor  
  164  10:03  Infestor  
  164  10:04  Corruptor  
  169  10:16  Corruptor  
  169  10:17  Corruptor  
  173  10:22  Zergling x2  
  173  10:24  Infestor  
  173  10:28  Overlord  
  176  10:29  Zergling x4  
  176  10:33  Infestor  
  180  10:36  Overlord x2  
  180  10:41  Spore Crawler x2  
  180  10:42  Spore Crawler x3  
  176  10:43  Spore Crawler  
  176  10:48  Infestor x2  
  174  10:51  Zergling x2  
  174  10:52  Brood Lord  
  174  10:56  Zergling x2  
  178  10:57  Zergling x2  
  178  10:58  Zergling x2  
  178  11:02  Drone, Extractor x2  
  178  11:03  Drone x6  
  185  11:05  Brood Lord  
  185  11:08  Overseer  
  185  11:09  Overseer x2  
  187  11:18  Infestor  
  187  11:29  Brood Lord  
  185  11:38  Drone x3  
  188  11:42  Brood Lord  
  188  11:46  Drone  
  188  11:47  Overlord, Zergling x2  
  147  12:09  Corruptor x5  
  136  12:15  Zergling x4  
Show
View Real Time Build Order
Export as new Build Order

PiLiPiLi Protoss - Winner!

Build Orders: Nexus First, Oracle Opening, Carriers, Carrier Rush 

Get SALT Encoding   

  12  0:01  Probe  
  13  0:13  Probe  
  14  0:18  Pylon  
  14  0:24  Probe  
  15  0:32  Probe  
  15  0:40  Probe  
  17  0:59  Nexus  
  17  1:03  Probe  
  18  1:13  Gateway  
  18  1:15  Probe  
  19  1:22  Assimilator  
  19  1:23  Probe  
  19  1:28  Assimilator  
  19  1:31  Probe  
  21  1:43  Probe  
  22  1:55  Probe  
  22  2:00  Cybernetics Core  
  23  2:08  Pylon  
  23  2:11  Zealot, Probe  
  23  2:12  Probe  
  27  2:20  Probe  
  27  2:22  Probe  
  27  2:28  Probe  
  29  2:30  Probe  
  31  2:37  Stargate, Probe  
  31  2:39  Probe  
  33  2:44  Adept  
  33  2:49  Probe  
  33  2:51  Probe  
  37  3:01  Probe  
  37  3:03  Probe  
  39  3:10  Oracle  
  39  3:11  Pylon  
  39  3:13  Probe  
  39  3:15  Probe  
  41  3:25  Probe  
  45  3:27  Probe  
  46  3:36  Nexus  
  46  3:37  Pylon  
  46  3:38  Probe  
  46  3:41  Probe  
  48  3:45  Assimilator  
  48  3:49  Assimilator  
  48  3:50  Probe  
  48  3:51  Void Ray  
  48  3:53  Probe  
  54  3:58  Shield Battery  
  54  4:00  Pylon  
  54  4:02  Probe  
  55  4:05  Probe  
  56  4:14  Probe  
  57  4:17  Probe  
  58  4:26  Probe  
  58  4:27  Fleet Beacon  
  58  4:29  Stargate, Probe  
  60  4:38  Probe  
  61  4:41  Probe  
  62  4:48  Probe  
  62  4:50  Probe  
  62  4:52  Stargate, Carrier  
  64  4:53  Probe  
  64  4:54  Assimilator  
  64  4:56  Assimilator  
  65  5:00  Carrier, Probe, Forge  
  65  5:02  Probe  
  65  5:05  Probe  
  68  5:10  Pylon  
  68  5:12  Probe  
  75  5:14  Probe  
  75  5:17  Probe  
  83  5:24  Carrier, Probe  
  83  5:26  Probe  
  85  5:29  Probe  
  86  5:42  Photon Cannon  
  88  5:44  Photon Cannon  
  88  5:45  Pylon  
  88  5:46  Pylon  
  92  5:50  Pylon  
  92  5:52  Protoss Air Weapons Level 1  
  92  6:10  Graviton Catapult  
  92  6:12  Probe x2  
  92  6:13  Carrier  
  92  6:15  Stargate, Pylon  
  94  6:20  Photon Cannon  
  94  6:21  Pylon  
  94  6:23  Void Ray, Pylon, Photon Cannon  
  100  6:37  Probe x2  
  106  6:41  Photon Cannon  
  106  6:46  Photon Cannon  
  106  6:50  Void Ray  
  106  6:52  Void Ray  
  110  6:57  Carrier  
  120  7:14  Pylon  
  120  7:25  Void Ray, Stargate  
  120  7:27  Nexus  
  120  7:28  Void Ray  
  120  7:32  Pylon  
  120  7:33  Pylon  
  124  7:42  Pylon  
  128  7:47  Protoss Air Weapons Level 2  
  128  7:55  Probe x2  
  128  7:56  Void Ray  
  128  7:57  Photon Cannon  
  130  7:59  Photon Cannon  
  130  8:01  Photon Cannon  
  130  8:03  Photon Cannon  
  130  8:05  Photon Cannon  
  134  8:07  Photon Cannon  
  134  8:10  Void Ray  
  134  8:22  Carrier  
  144  8:35  Pylon  
  144  8:40  Assimilator  
  144  8:44  Assimilator  
  144  8:46  Mothership  
  152  8:54  Carrier  
  152  8:58  Carrier  
  164  9:21  Carrier  
  164  9:30  Pylon  
  164  9:32  Void Ray  
  164  9:35  Carrier  
  174  9:41  Photon Cannon  
  174  9:42  Photon Cannon  
  174  9:45  Photon Cannon  
  174  9:55  Protoss Air Armor Level 1  
  171  10:15  Void Ray  
  171  10:17  Void Ray  
  179  10:25  Void Ray  
  183  10:31  Stargate  
  183  10:36  Photon Cannon x2  
  183  10:37  Void Ray, Photon Cannon  
  183  10:40  Photon Cannon  
  187  10:53  Void Ray  
  185  10:58  Oracle, Void Ray  
  185  10:59  Void Ray  
  197  11:06  Cybernetics Core  
  200  11:37  Stargate x2  
Tags
 
Add a new tag
Caveats
  • Supply blocks, unpowered buildings, or Contaminate may cause inaccurate times.
  • Supply counts are checked every 10 seconds.